 Dungeon Crawl Stone Soup version 0.25.1-2-g60ff931df9 (webtiles) character file.

Game seed: 4703270119075189693

10311 Martska the Spear-Bearer (level 11, -2/106 HPs)
             Began as a Naga Warper on Oct 12, 2020.
             Was a High Priest of Cheibriados.
             Slain by a sixfirhy (11 damage)
             ... summoned by an orc high priest
             ... on level 2 of the Orcish Mines.
             The game lasted 00:34:36 (15153 turns).

Martska the Spear-Bearer (Naga Warper)             Turns: 15153, Time: 00:34:38

Health: -2/106     AC: 22    Str: 28    XL:     11   Next: 60%
Magic:  0/18       EV: 10    Int: 26    God:    Cheibriados [*****.]
Gold:   483        SH:  8    Dex: 29    Spells: 16/20 levels left

rFire    + . .     SeeInvis +   u - +2 spear (freeze)
rCold    . . .     Gourm    .   n - +2 buckler {reflect}
rNeg     . . .     Faith    .   B - +6 plate armour "Todak" {rF+}
rPois    +         Spirit   +   q - +1 helmet
rElec    .         Reflect  +   N - +0 cloak
rCorr    .         Harm     .   o - +0 pair of gloves
MR       +....                  (no barding)
Stlth    ..........             k - amulet of guardian spirit
HPRegen  0.27/turn              m - +6 ring of dexterity
MPRegen  0.16/turn              C - +4 ring of slaying

@: very slightly contaminated, very slow
A: large, see invisible, deformed body, poison resistance, slowness 2, slow
metabolism 1, spit poison 1, AC +3
a: Spit Poison, Bend Time, Temporal Distortion, Slouch, Step From Time, Renounce
Religion


You were on level 2 of the Orcish Mines.
You worshipped Cheibriados.
Cheibriados was extremely pleased with you.
You were not hungry.

You visited 2 branches of the dungeon, and saw 12 of its levels.

You collected 779 gold pieces.
You spent 296 gold pieces at shops.

Inventory:

Hand Weapons
 u - a +2 spear of freezing (weapon)
Missiles
 I - 7 boomerangs (quivered)
Armour
 g - a +0 helmet
 n - a +2 buckler of reflection (worn)
 o - a +0 pair of gloves (worn)
 q - a +1 helmet (worn)
 B - the +6 plate armour "Todak" (worn) {rF+}
   (You found it on level 5 of the Dungeon)

   It protects you from fire.
 M - a +3 ring mail
 N - a +0 cloak (worn)
Jewellery
 k - an amulet of guardian spirit (around neck)
 m - a +6 ring of dexterity (left hand)
 r - an uncursed ring of stealth
 z - an uncursed ring of resist corrosion
 C - a +4 ring of slaying (right hand)
 F - a +6 ring of intelligence
 H - an uncursed ring of protection from fire
Wands
 e - a wand of paralysis (9)
 w - a wand of flame (3)
 D - a wand of acid (1)
 E - a wand of disintegration (13)
Scrolls
 b - a scroll of noise {unknown}
 h - 9 scrolls of remove curse
 p - 3 scrolls of teleportation
 v - 2 scrolls of magic mapping
 y - 2 scrolls of enchant armour {unknown}
 K - 2 scrolls of enchant weapon {unknown}
Potions
 c - a potion of might
 i - a potion of resistance {unknown}
 j - 5 potions of mutation
 l - a potion of haste {unknown}
 t - 4 potions of degeneration {unknown}
 x - a potion of heal wounds {unknown}
 A - a potion of brilliance {unknown}
 G - a potion of stabbing {unknown}
 L - a potion of flight {unknown}
Comestibles
 d - 2 chunks of flesh
 f - 17 rations


   Skills:
 * Level 9.3 Fighting
 * Level 9.4 Polearms
 - Level 0.8 Throwing
 + Level 6.5 Armour
 + Level 5.9 Dodging
 - Level 2.6 Shields
 - Level 5.0 Spellcasting
 - Level 1.4 Charms
 - Level 3.2 Translocations
 * Level 3.0 Invocations


You had 16 spell levels left.
You knew the following spells:

 Your Spells              Type           Power        Failure   Level  Hunger
a - Blink                 Tloc           N/A          30%         2    None
b - Shroud of Golubria    Chrm/Tloc      ###...       41%         2    None

Your spell library contained the following spells:

 Spells                   Type           Power        Failure   Level  Hunger
 Gell's Gravitas          Tloc           ###.......   52%         3    #......
 Lesser Beckoning         Tloc           ###.......   52%         3    #......
 Teleport Other           Tloc           ###.....     52%         3    #......
 Corona                   Hex            #......      58%         1    None
 Slow                     Hex            #.......     75%         2    None
 Portal Projectile        Hex/Tloc       ##....       75%         3    #......
 Passage of Golubria      Tloc           N/A          90%         4    ###....
 Inner Flame              Hex/Fire       #.......     92%         3    #......
 Cause Fear               Hex            #.........   100%        4    ###....
 Leda's Liquefaction      Hex/Erth       #.........   100%        4    ###....


Dungeon Overview and Level Annotations

Branches:
Dungeon (10/15)            Temple (0/1) D:7            Lair (0/6) D:9
    Orc (2/2) D:10
    Elf: Orc:2

Altars:
Ashenzari
Cheibriados
Elyvilon
Gozag
Makhleb
Nemelex Xobeh
Ru
Uskayaw

Shops:
D:4 =   D:7 [   D:8 }[*   Orc:2 %*


Innate Abilities, Weirdness & Mutations

You cannot wear boots.
Your serpentine skin is tough. (AC +3)
You have supernaturally acute eyesight. (SInv)
Armour fits poorly on your strangely shaped body.
Your system is resistant to poisons. (rPois)
You cover ground very slowly.
You have a slow metabolism.
You can spit poison.


Message History

You miss the sixfirhy.
The orc high priest mumbles some strange prayers to Beogh against you.
Beogh smites you!
You closely miss the sixfirhy. You block the sixfirhy's attack.
The sixfirhy hits you but does no damage.
The sixfirhy hits you. The sixfirhy shocks you!
Okay, then.
Casting: Blink (mildly dangerous; 30% risk of failure)
Confirm with . or Enter, or press ? or * to list all spells.
You miscast Blink.
You are very lightly contaminated with residual magic.
Nothing appears to happen.
You block the sixfirhy's attack. The sixfirhy hits you.
* * * LOW HITPOINT WARNING * * *
The sixfirhy shocks you!
* * * LOW HITPOINT WARNING * * *
The sixfirhy barely misses you. The sixfirhy hits you!
* * * LOW HITPOINT WARNING * * *
The sixfirhy shocks you!
You die...

..#..#....#..######
..#..#....#........
.#...###)##..###.##
#.......)))..# #.#
#....###)###.# #.#
##...#.)...#.###.###.#
##..#.÷...#.........#
#..#.....#.###.###.#
#..#∩....#.# #@# .#
#######.###3###.####
.......o3.......
.........4......
#####..(.#......
##..........
##......... ..........
...#.#.....


You could see a soul eater (summoned), an orc high priest, an ice devil
(summoned) and a sixfirhy (summoned).

Vanquished Creatures
  4 orc high priests
  An elephant (D:9)
  A troll (D:9)
  2 hippogriffs
  A spriggan (D:8)
  A basilisk (D:9)
  2 wyverns (D:9)
  7 yaks
  Grum (D:9)
  A hungry ghost (D:9)
  7 wargs
  3 ice beasts
  4 orc warriors
  A sky beast (D:10)
  A necrophage (D:7)
  2 ogres
  2 wolves (D:9)
  A crocodile (D:9)
  8 centaurs
  Blork the orc (D:4)
  4 bullfrogs
  2 scorpions
  3 killer bees
  3 howler monkeys (D:9)
  6 crimson imps
  A bullfrog zombie (D:8)
  3 hounds
  2 jellies
  25 orc priests
  Jessica (D:3)
  9 orc wizards
  4 worker ants
  A killer bee zombie (D:6)
  A hound zombie (D:5)
  3 hound skeletons (D:5)
  A howler monkey zombie (D:10)
  5 adders
  2 shadow imps
  2 oozes
  An adder skeleton (D:7)
  5 worms
  2 dart slugs
  4 leopard geckos
  59 orcs
  3 giant cockroaches
  5 goblins (D:3)
  9 hobgoblins
  11 jackals
  5 quokkas
  2 ball pythons
  6 bats
  2 frilled lizards
  A giant cockroach zombie (D:5)
  8 kobolds
  9 rats
261 creatures vanquished.

Notes
Turn   | Place    | Note
-------+----------+-------------------------------------------
     0 | D:1      | Martska the Naga Warper began the quest for the Orb.
     0 | D:1      | Reached XP level 1. HP: 19/19 MP: 3/3
   408 | D:1      | Reached XP level 2. HP: 19/27 MP: 5/5
  1327 | D:1      | Reached XP level 3. HP: 14/34 MP: 6/6
  1512 | D:2      | Reached XP level 4. HP: 31/42 MP: 7/7
  1950 | D:2      | Found a burning altar of Makhleb.
  2696 | D:3      | Reached XP level 5. HP: 42/50 MP: 8/8
  3144 | D:3      | Noticed Jessica
  3163 | D:3      | Killed Jessica
  4470 | D:4      | Reached XP level 6. HP: 34/58 MP: 9/9
  4730 | D:4      | Noticed Blork the orc
  4741 | D:4      | Killed Blork the orc
  4939 | D:4      | Found a sparkling altar of Nemelex Xobeh.
  4983 | D:4      | Found Baef's Jewellery Shoppe.
  5128 | D:5      | Entered Level 5 of the Dungeon
  5140 | D:5      | Reached skill level 5 in Polearms
  5179 | D:5      | Reached skill level 5 in Fighting
  5398 | D:5      | Reached XP level 7. HP: 53/67 MP: 10/10
  6361 | D:5      | Got a brightly glowing plate armour
  6366 | D:5      | Identified the +6 plate armour "Todak" {rF+} (You found it
                  | on level 5 of the Dungeon)
  6591 | D:6      | Reached skill level 1 in Armour
  6680 | D:6      | Found a sparkling altar of Nemelex Xobeh.
  6682 | D:6      | Found an opulent altar of Gozag.
  6686 | D:6      | Found a sacrificial altar of Ru.
  6800 | D:6      | Reached XP level 8. HP: 49/78 MP: 11/11
  8399 | D:7      | Found a white marble altar of Elyvilon.
  8459 | D:7      | Reached skill level 1 in Shields
  8585 | D:7      | Reached XP level 9. HP: 79/85 MP: 12/12
  8798 | D:7      | Found a shattered altar of Ashenzari.
  8818 | D:7      | Found a snail-covered altar of Cheibriados.
  8858 | D:7      | Became a worshipper of Cheibriados the Contemplative
  9656 | D:7      | Found Ylajiypp's Antique Armour Shop.
  9719 | D:7      | Found a staircase to the Ecumenical Temple.
 10274 | D:8      | Learned a level 2 spell: Blink
 10303 | D:8      | Found Hurug's Armour Shoppe.
 10307 | D:8      | Found Mosk's General Store.
 10335 | D:8      | Bought a +2 buckler of reflection for 296 gold pieces
 10499 | D:8      | Reached * piety under Cheibriados
 10681 | D:8      | Found Ariclel's Gadget Shop.
 11030 | D:9      | Noticed a troll
 11038 | D:9      | Killed a troll
 11038 | D:9      | Reached XP level 10. HP: 26/95 MP: 4/15
 11512 | D:9      | Reached ** piety under Cheibriados
 11565 | D:9      | Noticed Grum
 11566 | D:9      | Noticed an elephant
 11582 | D:9      | Killed Grum
 11582 | D:9      | Reached skill level 5 in Armour
 11593 | D:9      | Killed an elephant
 11806 | D:9      | Found a staircase to the Lair.
 11843 | D:9      | Found a hide-covered altar of Uskayaw.
 12136 | D:9      | Reached skill level 5 in Dodging
 12363 | D:10     | Entered Level 10 of the Dungeon
 12884 | D:10     | Reached *** piety under Cheibriados
 12988 | D:10     | Found a staircase to the Orcish Mines.
 13193 | D:10     | Reached XP level 11. HP: 96/103 MP: 15/18
 13375 | Orc:1    | Entered Level 1 of the Orcish Mines
 13436 | Orc:1    | Noticed an orc warlord
 13439 | Orc:1    | Reached **** piety under Cheibriados
 13806 | Orc:2    | Entered Level 2 of the Orcish Mines
 14174 | Orc:1    | Reached skill level 5 in Spellcasting
 14290 | Orc:1    | Learned a level 2 spell: Shroud of Golubria
 14505 | Orc:2    | Noticed an orc high priest
 14535 | Orc:2    | Noticed an orc high priest
 14557 | Orc:1    | Killed an orc high priest
 14557 | Orc:1    | Reached skill level 1 in Charms
 14557 | Orc:1    | Reached skill level 1 in Invocations
 14910 | Orc:2    | Noticed an orc high priest
 14917 | Orc:2    | Noticed a soul eater
 14936 | Orc:1    | Killed an orc high priest
 15012 | Orc:2    | Reached ***** piety under Cheibriados
 15021 | Orc:2    | Killed an orc high priest
 15065 | Orc:2    | Found Satuwum's Food Emporium.
 15065 | Orc:2    | Found Tydghir's Assorted Antiques.
 15066 | Orc:2    | Noticed an orc high priest
 15087 | Orc:2    | Killed an orc high priest
 15144 | Orc:2    | Noticed an orc high priest
 15146 | Orc:2    | Noticed a sixfirhy
 15147 | Orc:2    | Noticed a soul eater
 15153 | Orc:2    | Slain by a sixfirhy

Illustrated notes

Levels and vault maps discovered:
D:1:      lemuel_arrival_tunnels, layout_basic
D:2:      layout_loops_ring, nicolae_overflow_crystal_walls, first_ration
D:3:      layout_basic, uniq_jessica
D:4:      layout_rooms, serial_shops, shop, nemelex_diamond_rough_becter,
          uniq_blork_the_orc
D:5:      layout_basic, xom_teletrap_fun, nrook_pool_corridor
D:6:      layout_loops_ring, nicolae_overflow_hidden_temple
D:7:      layout_basic, overflow_temple_1_default, overflow_temple_1_default,
          lemuel_temple_firewalk_a, basic_altar, serial_shops, shop
D:8:      layout_rooms, serial_shops, kennysheep_little_box,
          nicolae_shop_statue_plus, shop, the_bakery
D:9:      layout_loops_ring, eat_drink_and_be_merry_uskayaw, david_lair_generic,
          minivault_19, minmay_stone_trees_small, uniq_grum
D:10:     layout_irregular_city, hiddenorc2_lemuel, nicolae_two_hexagons,
          grunt_ministairs_11, laboratory
Orc:1:    layout_diamond_mine
Orc:2:    st_orc_town, layout_caves, uniq_maurice

Skill      XL: |  1  2  3  4  5  6  7  8  9 10 11 |
---------------+----------------------------------+-----
Fighting       | 3 4 5 6 7 8 9 |  9.3
Polearms       | 3 4 5 6 7 8 9 |  9.4
Armour         | 1 3 4 6 |  6.5
Shields        | 1 2 |  2.6
Dodging        | 2 3 5 |  5.9
Spellcasting   | 3 4 5 |  5.0
Charms         | 1 |  1.4
Invocations    | 3 |  3.0
Throwing       | |  0.8
Translocations | |  3.2

Action                   |  1- 3 |  4- 6 |  7- 9 | 10-12 || total
-------------------------+-------+-------+-------+-------++-------
Melee: Spear             |    79 |   336 |   379 |   434 ||  1228
Throw: Boomerang         |       |     2 |     3 |     8 ||    13
 Cast: Blink             |       |       |       |     2 ||     2
Invok: Bend Time         |       |       |       |     1 ||     1
 Abil: Spit Poison       |     3 |     9 |    18 |    18 ||    48
Evoke: Wand              |       |       |    15 |     3 ||    18
  Use: Scroll            |       |     4 |     3 |     4 ||    11
       Potion            |       |       |       |     3 ||     3
 Stab: Sleeping          |       |     7 |     5 |       ||    12
       Distracted        |       |       |     1 |       ||     1
  Eat: Chunk             |     1 |     7 |     7 |     5 ||    20
       Ration            |       |     1 |     3 |     1 ||     5
Armor: Leather armour    |    12 |    74 |    89 |    19 ||   194
       Ring mail         |       |       |       |    29 ||    29
       Plate armour      |       |       |       |   136 ||   136
Dodge: Dodged            |    37 |   136 |   150 |   138 ||   461
Block: Buckler           |       |       |    64 |   144 ||   208
       Reflection        |       |       |       |    11 ||    11
